 Dungeon Crawl Stone Soup version 0.29-a0-303-ge4682ce883 (webtiles) character file.

Game seed: 12797393387983385536

1020 Gargoyl the Chopper (level 8, -2/73 HPs)
             Began as a Gargoyle Abyssal Knight on Mar 25, 2022.
             Was a Priest of Lugonu.
             Slain by a wight
             ... wielding a +0 battleaxe
              (14 damage)
             ... on level 5 of the Dungeon.
             The game lasted 00:07:14 (5416 turns).

Gargoyl the Chopper (Gargoyle Abyssal Knight)       Turns: 5416, Time: 00:07:15

Health: -2/73      AC: 24    Str: 18    XL:     8   Next: 22%
Magic:  10/10      EV:  2    Int: 12    God:    Lugonu [***...]
Gold:   253        SH:  0    Dex: 10    Spells: 7/7 levels left

rFire   . . .      SeeInvis .   a - +5 hand axe
rCold   . . .      Faith    .   (no shield)
rNeg    + . .      Spirit   .   (body armour currently unavailable)
rPois   ∞          Reflect  .   (helmet currently unavailable)
rElec   .          Harm     .   (cloak currently unavailable)
rCorr   .          Rampage  .   (gloves currently unavailable)
Will    .....      NoTele   +   (boots currently unavailable)
Stlth   +.........              (no amulet)
HPRegen 0.22/turn               b - ring of flight
MPRegen 0.12/turn               (no ring)

@: tree-form
A: stationary, stasis, torment immunity, boosted hp, sickness immunity, AC +5,
negative energy resistance 1, (electricity resistance), torment resistance 1,
petrification resistance
a: Renounce Religion, Depart the Abyss, Bend Space, Banish


You were on level 5 of the Dungeon.
You worshipped Lugonu.
Lugonu was most pleased with you.
You were a tree.
You visited 1 branch of the dungeon, and saw 5 of its levels.
You visited the Abyss 1 time.

You collected 253 gold pieces.

Inventory:

Hand Weapons
 a - a +5 hand axe (weapon)
Missiles
 d - 3 poisoned darts (quivered)
Armour
 e - a +1 pair of boots (melded)
 g - a +0 chain mail (melded)
 m - a +1 cloak (melded)
 n - the +1 Delatra's gloves (melded) {ID++}
   (You found it on level 5 of the Dungeon)

   It heals its wearer when they drink unknown potions.
   It restores its wearer's MP when they read unknown scrolls.
Jewellery
 b - a ring of flight (left branch)
Wands
 j - a wand of flame (6)
 k - a wand of paralysis (9)
Scrolls
 f - 3 scrolls of blinking
 h - a scroll of magic mapping
Potions
 c - a potion of curing
 i - a potion of lignification


   Skills:
 + Level 5.2 Fighting
 + Level 6.3 Axes
 + Level 0.2 Throwing
 + Level 4.4 Armour
 + Level 2.4 Dodging
 + Level 0.7 Stealth
 + Level 2.9 Invocations


You had 7 spell levels left.
You didn't know any spells.
Your spell library contained the following spells:

 Spells                   Type           Power      Damage    Failure   Level
 Sandblast                Erth           0%         2d4       32%         1
 Passwall                 Tmut/Erth      0%         N/A       45%         2
 Static Discharge         Conj/Air       0%         N/A       45%         2
 Stone Arrow              Conj/Erth      0%         3d7       69%         3
 Animate Dead             Necr           0%         N/A       97%         4
 Dispel Undead            Necr           0%         3d6       97%         4
 Sticky Flame             Conj/Fire      0%         2d3       97%         4
 Lightning Bolt           Conj/Air       0%         1d11      100%        5
 Haunt                    Necr/Summ      0%         N/A       100%        7
 Infestation              Necr           0%         N/A       100%        8
 Maxwell's Capacitive Co  Air            0%         ∞         100%        8


Dungeon Overview and Level Annotations

Branches:
Dungeon (5/15)
 Temple: D:4-7

Altars:
Ashenzari
Fedhas
Gozag
Qazlal
Uskayaw
Vehumet
The Shining One

Shops:
D:4 :


Innate Abilities, Weirdness & Mutations

You are a tree.
Your roots penetrate the ground, keeping you stationary.
You cannot be teleported.
You are immune to unholy pain and torment.
Your maximum health is greatly increased.
Your equipment is partially melded.
You are immune to sickness and miasma.
((Your stone body is resilient. (AC +5)))
You are immune to poison.
You resist negative energy. (rN+)
((You are resistant to electric shocks. (rElec)))
You are resistant to unholy torment.
You are immune to petrification.


Message History

The wight hits you but does no damage. x2
The wight hits you with a +0 battleaxe.
* * * LOW HITPOINT WARNING * * *
Unknown command.
You feel much better. The wight hits you but does no damage.
The wight hits you with a +0 battleaxe. The wight hits you but does no damage.
You hit the wight but do no damage.
The wight is severely damaged.
You hit the wight but do no damage. x2; The wight hits you with a +0 battleaxe!
* * * LOW HITPOINT WARNING * * *
The wight hits you with a +3 dagger.
* * * LOW HITPOINT WARNING * * *
The wight hits you but does no damage.
You closely miss the wight.
The wight is severely damaged.
You hit the wight. x2; The wight hits you but does no damage. x3
Unknown command.
You hit the wight. Your punch misses the wight.
The wight is severely damaged.
You hit the wight. x2; The wight hits you but does no damage. x3
Unknown command.
You hit the wight.
The wight is almost destroyed.
You hit the wight but do no damage. x2; The wight hits you but does no damage.
The wight hits you with a +0 battleaxe.
* * * LOW HITPOINT WARNING * * *
The wight hits you but does no damage.
Unknown command.
You hit the wight but do no damage.
The wight is almost destroyed.
You hit the wight. x2
You destroy the wight!
Lugonu accepts your kill.
The wight hits you but does no damage. x2
Unknown command.
You barely miss the wight.
The wight is almost destroyed.
You closely miss the wight. The wight hits you but does no damage.
The wight hits you with a +0 battleaxe!
You die...

)).......#.
).#####...... .##...
.## #### # ##..... .###
#.....# ...###########
#.....# ##...........#
#.....#
###########.###.....##.
#..##))...'..
##..†♣z...# ###..z...#
#........#
.....##.(...# #####
#.....# #####.+ ##


You could see 2 wights.

Vanquished Creatures
  Eustachio (D:4)
  Duvessa (D:4)
  A necrophage (D:5)
  2 wights (D:5)
  Dowan (D:4)
  Crazy Yiuf (D:2)
  A jelly (D:3)
  3 hounds (D:5)
  3 orc priests
  Jessica (D:2)
  2 iguanas (D:5)
  Natasha (D:2)
  Robin (D:2)
  3 gnolls (D:5)
  7 adders
  2 worms
  A dart slug (D:3)
  15 orcs
  6 bats
  5 endoplasms
  7 giant cockroaches
  15 goblins
  10 hobgoblins
  4 jackals (D:5)
  9 kobolds
  2 quokkas
  4 ball pythons
  4 frilled lizards
  A rat (D:1)
114 creatures vanquished.

Vanquished Creatures (collateral kills)
  A quokka (D:2)
1 creature vanquished.

Grand Total: 115 creatures vanquished

Notes
Turn   | Place    | Note
-------+----------+-------------------------------------------
     0 | Abyss:1  | Gargoyl the Gargoyle Abyssal Knight began the quest for the
                  | Orb.
     0 | Abyss:1  | Reached XP level 1. HP: 14/14 MP: 2/2
    41 | Abyss:1  | Noticed a worldbinder
    42 | D:1      | Escaped the Abyss
   362 | D:1      | Reached ** piety under Lugonu
   474 | D:1      | Reached skill level 2 in Axes
   474 | D:1      | Reached XP level 2. HP: 19/19 MP: 3/3
   647 | D:1      | Found a faded altar of an unknown god.
   854 | D:2      | Reached XP level 3. HP: 22/24 MP: 3/5
   879 | D:2      | Reached skill level 1 in Dodging
  1320 | D:2      | Noticed Robin
  1336 | D:2      | Killed Robin
  1337 | D:2      | Reached XP level 4. HP: 9/29 MP: 6/6
  1599 | D:2      | Found a runed translucent door.
  1600 | D:2      | Noticed Crazy Yiuf
  1757 | D:2      | Noticed Jessica
  1768 | D:2      | Killed Jessica
  1890 | D:2      | Noticed Natasha
  1897 | D:2      | Killed Natasha
  1898 | D:2      | Reached XP level 5. HP: 28/33 MP: 7/7
  2181 | D:2      | Reached skill level 3 in Axes
  2275 | D:2      | Killed Crazy Yiuf
  3004 | D:3      | Reached XP level 6. HP: 38/38 MP: 8/8
  3066 | D:3      | Found a broken altar of Ashenzari.
  3082 | D:3      | Reached *** piety under Lugonu
  3192 | D:4      | Noticed Eustachio
  3241 | D:4      | Killed Eustachio
  3242 | D:4      | Reached skill level 4 in Axes
  3381 | D:4      | Noticed a +0 short sword
  3381 | D:4      | Noticed a +0 dagger
  3381 | D:4      | Noticed a +0 spear
  3449 | D:4      | Noticed a +0 falchion
  3449 | D:4      | Noticed a +0 falchion
  3449 | D:4      | Noticed a +0 spear
  3451 | D:4      | Noticed a +0 short sword
  3452 | D:4      | Noticed a +0 dagger
  3461 | D:4      | Noticed Dowan
  3465 | D:4      | Noticed Duvessa
  3476 | D:4      | Found Jiasto's Book Boutique.
  3501 | D:4      | Killed Dowan
  3502 | D:4      | Reached XP level 7. HP: 40/44 MP: 9/9
  3670 | D:4      | Found a hide-covered altar of Uskayaw.
  3943 | D:4      | Killed Duvessa
  4720 | D:5      | Entered Level 5 of the Dungeon
  4726 | D:5      | Reached skill level 5 in Axes
  4799 | D:5      | Reached skill level 5 in Fighting
  5249 | D:5      | Found the +1 Delatra's gloves {ID++}
  5269 | D:5      | Found a radiant altar of Vehumet.
  5270 | D:5      | Found a stormy altar of Qazlal.
  5272 | D:5      | Found an opulent altar of Gozag.
  5272 | D:5      | Found a blossoming altar of Fedhas.
  5272 | D:5      | Found a glowing golden altar of the Shining One.
  5391 | D:5      | Reached XP level 8. HP: 30/49 MP: 10/10
  5397 | D:5      | Reached skill level 6 in Axes
  5416 | D:5      | Slain by a wight

Illustrated notes

Levels and vault maps discovered:
D:1:      matt_arrival_grand_opening, layout_basic, basic_ecumenical_altar
D:2:      layout_basic, minmay_pentomino_o4, uniq_crazy_yiuf_cottage,
          uniq_natasha, uniq_jessica, uniq_robin
D:3:      layout_rooms, cheibrodos_ashenzari_chains,
          hangedman_abyss_or_decor_stabs, minivault_24, minmay_pentangle
D:4:      layout_basic, nicolae_uskayaw_en_pointe, columned_hall_lemuel,
          nicolae_stop_n_shop_2, uniq_duvessa, uniq_eustachio
D:5:      layout_rooms, grunt_temple_overflow_open, led_sif_book,
          kennysheep_cluttered_room, grunt_ministairs_15

Skill      XL: |  1  2  3  4  5  6  7  8 |
---------------+-------------------------+-----
Axes           | 2 3 4 5 6 |  6.3
Dodging        | 1 2 |  2.4
Fighting       | 4 5 |  5.2
Armour         | 3 4 |  4.4
Throwing       | |  0.2
Stealth        | |  0.7
Invocations    | |  2.9

Action                   |  1- 3 |  4- 6 |  7- 9 || total
-------------------------+-------+-------+-------++-------
Melee: Hand axe          |    68 |   150 |   145 ||   363
       Punch             |       |       |     2 ||     2
Throw: Dart              |       |       |     3 ||     3
Invok: Depart the Abyss  |     1 |       |       ||     1
       Bend Space        |       |       |     1 ||     1
  Use: Scroll            |    12 |     3 |     2 ||    17
       Potion            |     1 |     1 |     4 ||     6
Armor: Ring mail         |    54 |    78 |       ||   132
       Leather armour    |     1 |       |       ||     1
       Chain mail        |       |    31 |   134 ||   165
       Skin              |       |       |    26 ||    26
Dodge: Dodged            |    60 |    76 |    66 ||   202

Table legend: (Time is in decaauts)
 A = Elapsed time spent in this place.
 B = Non-inter-level travel time spent in this place.
 C = Inter-level travel time spent in this place.
 D = Time resting spent in this place.
 E = Time spent auto-exploring this place.
 F = Levels seen in this place.
 G = Mean time per level.
                   A        B        C        D        E       F      G
               +--------+--------+--------+--------+--------+-----+--------+
         Total |   5439 |   5342 |     97 |    315 |   3940 |   6 |  906.5 |
       Dungeon |   5397 |   5300 |     97 |    315 |   3899 |   5 | 1079.4 |
         Abyss |     42 |     42 |      0 |      0 |     41 |   1 |   42.0 |
               +--------+--------+--------+--------+--------+-----+--------+

Top non-repeatable levels by time:
     D:2: 1711 daAuts
     D:4: 1492 daAuts
     D:3: 777 daAuts
     D:1: 717 daAuts
     D:5: 698 daAuts
 Abyss:1: 42 daAuts
